[Event "Early-Titled-Tuesday-Blitz-April-02-2024"]
[Site "Chess.com"]
[Date "2024.04.02"]
[Round "5"]
[White "Statham_01"]
[Black "Happy1712Drummer"]
[Result "1-0"]
[WhiteElo "2626"]
[BlackElo "2495"]
[TimeControl "180+1"]
[EndTime "8:54:49 PDT"]
[Termination "Statham_01 won on time"]

1. e4 c5 2. a3 e6 3. b4 d5 4. e5 Nc6 5. Nf3 Qc7 6. d4 cxd4 7.
Bf4 f6 8. Bb5 Ne7 9. Bg3 Qb6 10.
Qe2 Bd7 11. exf6 gxf6 12. O-O O-O-O 13. c3 e5 14. Rc1 Bg4 15. a4 a6 16. cxd4 e4 17. Qe3 exf3 18. Qf4 h5 19. a5 1-0

[Event "Early-Titled-Tuesday-Blitz-April-02-2024"]
[Site "Chess.com"]
[Date "2024.04.02"]
[Round "5"]
[White "Nemegejas"]
[Black "sebsep"]
[Result "1-0"]
[WhiteElo "2822"]
[BlackElo "2622"]
[TimeControl "180+1"]
[EndTime "8:54:50 PDT"]
[Termination "Nemegejas won by resignation"]

1. d4 Nf6 2. c4 g6 3. d5 Bg7 4. Nc3 d6 5. g3 c5 6. Bg2 O-O 7.
Nh3 a6 8. a4 e6 9. dxe6 Bxe6 10.
Nf4 Bc8 11. O-O Nc6 12. Rb1 Re8 13. e4 Nd4 14. b3 Bg4 15. f3 Bd7 16. Bb2 b5 17. axb5 axb5 18. Nce2 Nxe2+ 19. Qxe2 Ra2 20. Rfd1 Qb6 21. Rd2 g5 22. Bxf6 Rxd2 23. Qxd2 Bxf6 24. Nd5 Qd8 25. Nxf6+ Qxf6 26. Rd1 Be6 27. Qxd6 Qc3 28. Qxc5 Qxb3 29. Qxg5+ Kh8 30. Rd8 Rxd8 31. Qxd8+ Kg7 32. Qd4+ Kg8 33. cxb5 Qxb5 34. h4 Qe2 35. f4 Bg4 36.
Qd8+ Kg7 37. f5 h6 38. f6+ Kh7 39. Qf8 1-0

[Event "Early-Titled-Tuesday-Blitz-April-02-2024"]
[Site "Chess.com"]
[Date "2024.04.02"]
[Round "5"]
[White "Orphanator2009"]
[Black "Aygehovit1992"]
[Result "0-1"]
[WhiteElo "2536"]
[BlackElo "2841"]
[TimeControl "180+1"]
[EndTime "8:54:50 PDT"]
[Termination "Aygehovit1992 won by resignation"]

1. e4 c5 2. Nf3 e6 3. d4 cxd4 4. Nxd4 Nc6 5. Nc3 Qc7 6. Be3 a6 7. a3 b5 8. Nxc6 Qxc6 9. Qd2 Bb7 10. f3 Rc8 11. Bd3 Bc5 12. O-O-O Ne7 13. Ne2 Qb6 14. Bxc5 Qxc5 15. Rhe1 O-O 16. Qb4 d6 17. Qxc5 dxc5 18. c3 Rfd8 19. Bc2 f6 20. Rxd8+ Rxd8 21. Rd1 Rxd1+ 22. Kxd1 g5 23. b4 c4 24. a4 Bc6 25.
axb5 axb5 26. Nd4 Bd7 27. Ke2 Kf7 28. Ke3 e5 29. Ne2 h5 30. g3 Ng6 31. Bb1 Ke7 32.
Bc2 Kd6 33. Bb1 Bh3 34. Bc2 Ke6 35. Kf2 Kd6 36. Ke3 Bc8 37. Kf2 Ne7 38. Ke3 f5 39. exf5 Bxf5 40. Be4 g4 41. Ng1 Ke6 42. h3 gxh3 43. f4 h2 44. Nf3 Bxe4 45. Ng5+ Kd7 0-1

[Event "Early-Titled-Tuesday-Blitz-April-02-2024"]
[Site "Chess.com"]
[Date "2024.04.02"]
[Round "5"]
[White "AlexeiShirov"]
[Black "Kazmin_Semyon"]
[Result "1-0"]
[WhiteElo "2812"]
[BlackElo "2605"]
[TimeControl "180+1"]
[EndTime "8:54:52 PDT"]
[Termination "AlexeiShirov won by resignation"]

1. e4 e6 2. d4 d5 3. e5 c5 4. c3 Nc6 5. Nf3 Bd7 6. Be2 f6 7. O-O fxe5 8. Nxe5 Nxe5 9. dxe5 Qc7 10. c4 d4 11. f4 O-O-O 12. Nd2 Bc6 13. Bd3 Ne7 14. Ne4 Nf5 15. Qe2 Bxe4 16. Qxe4 h5 17. Bd2 h4 18. a3 g6 19. b4 Qh7 20. Rab1 Ng3 21. Qf3 Nxf1 22.
Kxf1 Qc7 23. Bxg6 Rg8 24. Be4 b6 25. Qh3 Qf7 26. Ke2 Bh6 27. Rf1 d3+ 28. Kd1 cxb4 29.
Bxb4 Qd7 30. Kd2 Qd4 31. Qxe6+ Kb8 32. Bd6+ Rxd6 33. Qxd6+ Qxd6 34. exd6 Rd8 35. c5 bxc5 36. Rb1+ Kc8 37. Bf5+ Rd7 38. g3 1-0

[Event "Early-Titled-Tuesday-Blitz-April-02-2024"]
[Site "Chess.com"]
[Date "2024.04.02"]
[Round "5"]
[White "Vesper2018"]
[Black "PavelChernomordik"]
[Result "1/2-1/2"]
[WhiteElo "2586"]
[BlackElo "2427"]
[TimeControl "180+1"]
[EndTime "8:54:53 PDT"]
[Termination "Game drawn by repetition"]

1. e4 g6 2. d4 Bg7 3. Nc3 d6 4. f4 a6 5. Nf3 b5 6. Bd3 Nd7 7. e5 c5 8. Be4 Rb8 9. Be3 b4 10. Ne2 Qc7 11. c3 bxc3 12. bxc3 Nh6 13. h3 O-O 14.
O-O Bb7 15. Qc2 cxd4 16. cxd4 Qxc2 17. Bxc2 Nf5 18. Bf2 Rfc8 19. Bb3 Bxf3 20. gxf3 e6 21. Rfc1 d5 22. Rxc8+ Rxc8 23. Rc1 Rxc1+ 24. Nxc1 Bh6 25. Nd3 Nb6 26. Kf1 Nc4 27. Ke2 a5 28. Bxc4 dxc4 29.
Nb2 c3 30. Nd3 Ne7 31. Be3 Nd5 32. Bc1 Kf8 33. Kd1 Ke7 34. Kc2 Kd7 35. Kb3 Kc6 36. Kc4 Bf8 37. Ne1 Bh6 38. Nd3 Bf8 39. Ne1 Bh6 40.
Nd3 1/2-1/2

[Event "Early-Titled-Tuesday-Blitz-April-02-2024"]
[Site "Chess.com"]
[Date "2024.04.02"]
[Round "5"]
[White "Malikova777"]
[Black "zajka-molotok"]
[Result "0-1"]
[WhiteElo "2315"]
[BlackElo "2546"]
[TimeControl "180+1"]
[EndTime "8:54:53 PDT"]
[Termination "zajka-molotok won by checkmate"]

1. d4 b6 2. e4 Bb7 3. Bd3 e6 4. Nf3 Nf6 5. Nbd2 d5 6. e5 Nfd7 7. c3 c5 8. O-O Nc6 9. a3 c4 10.
Bc2 b5 11. Ne1 Be7 12. f4 g6 13. Ndf3 a5 14. g3 b4 15. Ba4 Nb6 16. Bb5 Kd7 17. Ng5 Qg8 18. Be3 h6 19. Ngf3 b3 20. Kf2 Kc7 21.
Bxc6 Bxc6 22. Ke2 Na4 23. Bc1 Rf8 24. Kd2 f5 25. exf6 Bxf6 26. Qe2 g5 27. Kd1 Qg6 28.
Ne5 Bxe5 29. Qxe5+ Kb7 30. Rf2 h5 31. Ng2 h4 32. g4 h3 33. Ne1 Rh4 34. f5 exf5 35.
gxf5 Qh5+ 36. Nf3 Re4 37. Qg7+ Rf7 38. Qxg5 Rxf5 39. Qxh5 Rxh5 40. Ne5 Rg5 41. Bxg5 Be8 42.
Kd2 Nxb2 43. Rf8 Bh5 44. Re1 Na4 45. Rxe4 dxe4 46. Rf1 b2 47. d5 Nc5 48. Nxc4 Nd3 49.
Kc2 Be2 50. Rf7+ Kc8 51. Nb6+ Kb8 52. d6 Bd1+ 53. Kd2 b1=Q 54. d7 Qc1# 0-1

[Event "Early-Titled-Tuesday-Blitz-April-02-2024"]
[Site "Chess.com"]
[Date "2024.04.02"]
[Round "5"]
[White "viktorskliarov"]
[Black "robertoalejandro10"]
[Result "1-0"]
[WhiteElo "2623"]
[BlackElo "2492"]
[TimeControl "180+1"]
[EndTime "8:54:54 PDT"]
[Termination "viktorskliarov won by resignation"]

1. e4 c5 2. Nf3 g6 3. d4 cxd4 4.
Qxd4 Nf6 5. Nc3 Nc6 6. Qa4 d6 7.
e5 dxe5 8. Nxe5 Bg7 9. Nxc6 bxc6 10. Qxc6+ Bd7 11. Qa6 O-O 12. Be2 Qc7 13. O-O Rfb8 14. Bf3 Rb6 15. Qxb6 Qxb6 16. Bxa8 h5 17. h3 Bf5 18. Nd5 Nxd5 19. Bxd5 Bxc2 20. Bb3 Be4 21. Be3 Qb7 22. f3 Bd3 23. Rf2 Be5 24. Rd1 Bf5 25.
Bd5 Qa6 26. Rfd2 Qa4 27. Bg5 e6 28. Bb3 Kg7 29. Bxa4 1-0

[Event "Early-Titled-Tuesday-Blitz-April-02-2024"]
[Site "Chess.com"]
[Date "2024.04.02"]
[Round "5"]
[White "Revan_2002"]
[Black "Darkdefense15"]
[Result "1-0"]
[WhiteElo "2725"]
[BlackElo "2337"]
[TimeControl "180+1"]
[EndTime "8:54:55 PDT"]
[Termination "Revan_2002 won by resignation"]

1. d4 Nf6 2. c4 e6 3. Nc3 Bb4 4.
Nf3 O-O 5. Bg5 d5 6. e3 h6 7. Bh4 c5 8. cxd5 exd5 9. Bd3 c4 10. Bc2 Nc6 11. O-O Be7 12. h3 Be6 13. Ne5 Nd7 14.
Bxe7 Qxe7 15. f4 Ndxe5 16. fxe5 a6 17. Qf3 Rad8 18. a3 b5 19. Ne2 Qg5 20. Nf4 Ne7 21.
Kh2 Bf5 22. Bxf5 Nxf5 23. g4 Ne7 24. Qg3 Ng6 25. Nh5 Nh4 26. Rf4 f5 27. exf6 Nf5 28.
Rxf5 1-0

[Event "Early-Titled-Tuesday-Blitz-April-02-2024"]
[Site "Chess.com"]
[Date "2024.04.02"]
[Round "5"]
[White "ylr5000"]
[Black "ChessboArt"]
[Result "1-0"]
[WhiteElo "2470"]
[BlackElo "2282"]
[TimeControl "180+1"]
[EndTime "8:54:55 PDT"]
[Termination "ylr5000 won by checkmate"]

1. d4 Nf6 2. c4 g6 3. Nc3 Bg7 4. e4 d6 5. Be2 O-O 6. Bg5 h6 7. Be3 e5 8. d5 a5 9. Qd2 Kh7 10. f3 Na6 11. g4 Ng8 12. h4 f5 13.
h5 f4 14. hxg6+ Kxg6 15. Bf2 Bf6 16. O-O-O Rf7 17. Kb1 Rh7 18. Nh3 Kg7 19. Rdg1 Bg5 20. Bd3 Nf6 21. c5 Nxc5 22. Nxg5 hxg5 23. Rxh7+ Nxh7 24.
Bxc5 dxc5 25. Rh1 Qf6 26. Qh2 Qg6 27. Nb5 Bd7 28. Nxc7 Rc8 29. d6 Nf6 30. Bc4 Rd8 31. Be6 Nxe4 32. fxe4 Bxe6 33. Nxe6+ Qxe6 34. Qh7+ Kf8 35. Qh8+ Qg8 36. Qf6+ Qf7 37. Rh8# 1-0

[Event "Early-Titled-Tuesday-Blitz-April-02-2024"]
[Site "Chess.com"]
[Date "2024.04.02"]
[Round "5"]
[White "KubaGepard"]
[Black "Donskov_AN"]
[Result "1-0"]
[WhiteElo "2576"]
[BlackElo "2375"]
[TimeControl "180+1"]
[EndTime "8:54:56 PDT"]
[Termination "KubaGepard won by resignation"]

1. d4 Nf6 2. Nf3 e6 3. g3 c5 4. Bg2 cxd4 5. O-O Be7 6. Nxd4 O-O 7. c4 a6 8. Nc3 d6 9. b3 Qc7 10. Bb2 Nc6 11. Rc1 Bd7 12. Qd2 Qb8 13. Rfd1 Rc8 14. e4 Be8 15. f4 Nd7 16. Nf3 Qa7+ 17. Kh1 Nc5 18. Qe2 Rd8 19. Rd2 b5 20. Rcd1 b4 21. Nb1 a5 22. e5 dxe5 23. Nxe5 Rxd2 24. Rxd2 Nxe5 25. Qxe5 Bf6 26. Qd6 Rd8 27. Qxd8 Bxd8 28. Rxd8 Qe7 29. Ra8 f6 30. Bd4 Nd7 31. c5 Nxc5 32.
Rxa5 Nd7 33. Nd2 Qd6 34. Nf3 Qc6 35. h3 Qc1+ 36. Kh2 Kf7 37. Ra8 h6 38. Nh4 g5 39.
fxg5 hxg5 40. Nf3 Qd1 41. Rd8 Nc5 42. Bxf6 Nd3 43. Rxd3 Qe2 44. Bxg5 Bc6 45. Rd2 Qe4 46.
Bf4 Bd5 47. Ng5+ 1-0

[Event "Early-Titled-Tuesday-Blitz-April-02-2024"]
[Site "Chess.com"]
[Date "2024.04.02"]
[Round "5"]
[White "Laico"]
[Black "ChessQueen"]
[Result "0-1"]
[WhiteElo "2418"]
[BlackElo "2729"]
[TimeControl "180+1"]
[EndTime "8:54:58 PDT"]
[Termination "ChessQueen won on time"]

1. e4 c6 2. d4 d5 3. f3 e6 4. Nc3 Bb4 5. Bf4 Ne7 6. Ne2 c5 7.
a3 Bxc3+ 8. Nxc3 cxd4 9. Nb5 O-O 10. Nc7 Ng6 11. Bg3 dxe4 12. Nxa8 e5 13. fxe4 Be6 14. h4 Nc6 15. h5 Nf4 16. Bxf4 exf4 17.
h6 g6 18. Qd2 Qb8 19. Bb5 Qe5 20. Bxc6 bxc6 21. Nc7 Qxc7 22. Qxd4 f6 23. O-O-O g5 24.
Qd6 Qxd6 25. Rxd6 Kf7 26. Rxc6 Rc8 27. Rxc8 Bxc8 28. Kd2 Bb7 29. Kd3 f5 30. exf5 Kf6 31.
Rh2 Kxf5 32. c4 g4 33. c5 g3 34. Rh5+ Kg4 35. Re5 Bxg2 36. Re7 f3 37. Rxh7 Kh5 38. Rg7 Kxh6 39. Rxg3 f2 0-1

[Event "Early-Titled-Tuesday-Blitz-April-02-2024"]
[Site "Chess.com"]
[Date "2024.04.02"]
[Round "5"]
[White "LileKoridze"]
[Black "chess_sharparchitect"]
[Result "0-1"]
[WhiteElo "2417"]
[BlackElo "2282"]
[TimeControl "180+1"]
[EndTime "8:54:58 PDT"]
[Termination "chess_sharparchitect won by resignation"]

1. d4 Nf6 2. c4 e6 3. Nf3 d5 4. g3 c5 5. cxd5 exd5 6. Bg2 Nc6 7.
O-O c4 8. Nc3 Be6 9. Ne5 Bd6 10.
Nxc6 bxc6 11. e4 dxe4 12. Nxe4 O-O 13. Bg5 Be7 14. Nxf6+ Bxf6 15. Bxf6 Qxf6 16. Bxc6 Rab8 17. d5 Bh3 18. Re1 Rxb2 19. f4 Rg2+ 20. Kh1 Qb2 21.
Qf3 Rxh2+ 22. Kg1 Bg2 23. Qe2 Qxe2 24. Rxe2 Rh1+ 25. Kxg2 Rxa1 26. d6 Rd1 27. d7 c3 28.
Ba4 Rd2 29. Kf2 Rd8 30. Rxd2 cxd2 31. Ke2 h5 32. Kxd2 Kf8 33. Ke3 Ke7 34. Ke4 g6 35. f5 g5 36. Ke5 f6+ 37. Kd5 Rxd7+ 0-1

[Event "Early-Titled-Tuesday-Blitz-April-02-2024"]
[Site "Chess.com"]
[Date "2024.04.02"]
[Round "5"]
[White "ladytitan"]
[Black "RamonManon0g"]
[Result "0-1"]
[WhiteElo "2171"]
[BlackElo "2408"]
[TimeControl "180+1"]
[EndTime "8:54:58 PDT"]
[Termination "RamonManon0g won by checkmate"]

1. d4 Nf6 2. c4 g6 3. Nc3 d5 4. cxd5 Nxd5 5. e4 Nxc3 6. bxc3 c5 7. Nf3 Bg7 8. Be3 O-O 9. Be2 Nc6 10. O-O Bg4 11.
d5 Na5 12. Rc1 b6 13. h3 Bxf3 14. Bxf3 Qc7 15. Be2 Rad8 16. c4 f5 17. exf5 Rxf5 18. Bg4 Rff8 19. Be6+ Kh8 20. Qc2 Nb7 21. Bd2 Nd6 22. Bc3 Nf5 23. Bxf5 Rxf5 24. Rfe1 Rdf8 25. Re2 Bf6 26. Rce1 Rf7 27. g4 Rf4 28. Bd2 Rf3 29. Kg2 Bd4 30. Qe4 Rxf2+ 31. Rxf2 Rxf2+ 32. Kg1 Qh2# 0-1

[Event "Early-Titled-Tuesday-Blitz-April-02-2024"]
[Site "Chess.com"]
[Date "2024.04.02"]
[Round "5"]
[White "HeroWilczek"]
[Black "Yushko_Olga"]
[Result "1-0"]
[WhiteElo "2555"]
[BlackElo "2248"]
[TimeControl "180+1"]
[EndTime "8:54:59 PDT"]
[Termination "HeroWilczek won on time"]

1. d4 e6 2. Nf3 d5 3. Bf4 Nf6 4. e3 c5 5. Nbd2 Nc6 6. c3 Be7 7. Bd3 O-O 8. h3 Re8 9. O-O Bd6 10. Ne5 Nxe5 11. dxe5 c4 12. Bc2 Be7 13. exf6 Bxf6 14. e4 e5 15. Bg3 d4 16. Nxc4 Be6 17. Bb3 Qc7 18. Nd2 dxc3 19. bxc3 Qxc3 20. Nf3 Qb4 21. Bxe6 Rxe6 22. Qe2 Qa4 23. Rac1 h5 24. Rc4 Qa6 25. Rfc1 Rae8 26. Bh4 Kh7 27. Bxf6 Rxf6 28. R4c2 Qa4 29.
Qc4 Qa5 30. Qb3 1-0

[Event "Early-Titled-Tuesday-Blitz-April-02-2024"]
[Site "Chess.com"]
[Date "2024.04.02"]
[Round "5"]
[White "Sunny_Star"]
[Black "DanielSaiz01"]
[Result "0-1"]
[WhiteElo "1998"]
[BlackElo "2262"]
[TimeControl "180+1"]
[EndTime "8:54:59 PDT"]
[Termination "DanielSaiz01 won by resignation"]

1. e4 c5 2. Nf3 e6 3. d4 cxd4 4. Nxd4 Nf6 5. Nc3 Nc6 6. Nb3 Bb4 7. Bd3 d5 8. exd5 Nxd5 9. Bd2 Nxc3 10. bxc3 Be7 11. Qh5 Bf6 12. O-O Ne5 13. Be4 Ng6 14. Rad1 Qc7 15. Nd4 O-O 16. Nb5 Qe5 17. Qxe5 Bxe5 18.
f4 Bb8 19. Be3 a6 20. Nd6 Ba7 21. Bxa7 Rxa7 22. Rb1 b5 23. c4 bxc4 24. Nxc4 Rc7 25.
Nd6 Bd7 26. Rfd1 Bc6 27. Rb6 Bxe4 28. Nxe4 Rxc2 29. Rxa6 Nxf4 30. Nf2 Ne2+ 31. Kh1 Nc3 32. Rf1 Rd8 33. Ne4 Nxe4 0-1

[Event "Early-Titled-Tuesday-Blitz-April-02-2024"]
[Site "Chess.com"]
[Date "2024.04.02"]
[Round "5"]
[White "Rud_Makarian"]
[Black "promen1999"]
[Result "1-0"]
[WhiteElo "3031"]
[BlackElo "2890"]
[TimeControl "180+1"]
[EndTime "8:55:01 PDT"]
[Termination "Rud_Makarian won by resignation"]

1. d4 Nf6 2. c4 e6 3. Nf3 d5 4. g3 Be7 5. Bg2 O-O 6. O-O a5 7. Qc2 Nc6 8. a3 dxc4 9. Qxc4 a4 10. Bf4 Nd5 11. Nc3 Nxf4 12. gxf4 Bd7 13. e3 Bd6 14. Rfd1 Na5 15. Qe2 Nb3 16. Rab1 c6 17. Ne4 Bc7 18. Ne5 Qe7 19. Nc5 Nxc5 20. dxc5 Be8 21. Rbc1 Ra5 22. Qc4 f6 23. Nf3 Kh8 24. Rd2 e5 25. f5 Bf7 26.
Qc3 Bd5 27. e4 Bxe4 28. Nh4 Bxg2 29. Kxg2 g5 30. fxg6 f5 31. Qh3 e4 32. Rcd1 Qg5+ 33. Kh1 Rxc5 34. Rd7 Rc1 35. g7+ Qxg7 36. Rxg7 Rxd1+ 37. Rg1 Rxg1+ 38. Kxg1 Be5 39. Ng6+ 1-0

[Event "Early-Titled-Tuesday-Blitz-April-02-2024"]
[Site "Chess.com"]
[Date "2024.04.02"]
[Round "5"]
[White "Mazarini41"]
[Black "IsmaelAmadorGarcia"]
[Result "0-1"]
[WhiteElo "2463"]
[BlackElo "2340"]
[TimeControl "180+1"]
[EndTime "8:55:02 PDT"]
[Termination "IsmaelAmadorGarcia won on time"]

1. e4 e5 2. Nf3 Nc6 3. d4 exd4 4. c3 dxc3 5. Bc4 cxb2 6. Bxb2 Bb4+ 7. Nc3 d5 8. exd5 Qe7+ 9. Be2 Nd8 10. O-O Nf6 11.
Bb5+ Kf8 12. Re1 Qc5 13. Qb3 Bf5 14. a3 Bxc3 15. Bxc3 Kg8 16. Rac1 Qb6 17. Bd4 Qa5 18.
Rxc7 Qxc7 19. Ng5 h6 20. d6 Qxd6 21. Bxf6 gxf6 22. Re8+ Kg7 0-1

[Event "Early-Titled-Tuesday-Blitz-April-02-2024"]
[Site "Chess.com"]
[Date "2024.04.02"]
[Round "5"]
[White "SipkeErnst"]
[Black "wonderfultime"]
[Result "0-1"]
[WhiteElo "2686"]
[BlackElo "2975"]
[TimeControl "180+1"]
[EndTime "8:55:04 PDT"]
[Termination "wonderfultime won by checkmate"]

1. d4 d5 2. c4 c6 3. Nf3 Nf6 4. e3 Bf5 5. Nc3 e6 6. Nh4 Be4 7. f3 Bg6 8. Qb3 Qc7 9. Bd2 Be7 10. Nxg6 hxg6 11. O-O-O a6 12. Kb1 dxc4 13. Qxc4 b5 14.
Qd3 c5 15. dxc5 Bxc5 16. Rc1 Nbd7 17. h4 O-O 18. h5 gxh5 19. g4 Qg3 20. Qe2 Ne5 21.
g5 Qxg5 22. e4 Qg6 23. Nxb5 Nxf3 24. Nc3 Nxd2+ 25. Qxd2 Rfd8 26. Qh2 Bd4 27. Bd3 Qg5 28. Ne2 Be5 29. Qh3 Qd2 30. Rcd1 Qxb2# 0-1

[Event "Early-Titled-Tuesday-Blitz-April-02-2024"]
[Site "Chess.com"]
[Date "2024.04.02"]
[Round "5"]
[White "JaackCamel"]
[Black "Speed-O-Sonic"]
[Result "0-1"]
[WhiteElo "2172"]
[BlackElo "2435"]
[TimeControl "180+1"]
[EndTime "8:55:05 PDT"]
[Termination "Speed-O-Sonic won by resignation"]

1. d4 d5 2. c4 e6 3. Nc3 c5 4.
cxd5 cxd4 5. Qa4+ Bd7 6. Qxd4 exd5 7. Qxd5 Nf6 8. Qb3 Na6 9. Nf3 Nc5 10. Qc2 Rc8 11.
Bg5 Qb6 12. Bxf6 Qxf6 13. e3 Be7 14. Be2 Na4 15. Nd4 Bb4 16. Qe4+ Qe7 17. Qxe7+ Kxe7 18. O-O Nxc3 19. bxc3 Bxc3 20. Rad1 a6 21. Bf3 Rc7 22. Rb1 b5 23. Ne2 Bf6 24. Rfd1 Rhc8 25. Rbc1 Rxc1 26.
Rxc1 Rxc1+ 27. Nxc1 a5 28. Kf1 Be6 29. Ke2 Bb2 30.
Kd2 Bxc1+ 31. Kxc1 Bxa2 32. Kb2 Bc4 33. g3 Kd6 34. h4 Kc5 35. Kc3 b4+ 36. Kb2 a4 37. Bd1 a3+ 38. Kb1 b3 0-1

[Event "Early-Titled-Tuesday-Blitz-April-02-2024"]
[Site "Chess.com"]
[Date "2024.04.02"]
[Round "5"]
[White "Goffredo_Fofi"]
[Black "Mops_2004"]
[Result "0-1"]
[WhiteElo "2570"]
[BlackElo "2779"]
[TimeControl "180+1"]
[EndTime "8:55:07 PDT"]
[Termination "Mops_2004 won by resignation"]

1. e4 g6 2. g3 d5 3. e5 c5 4. f4 f6 5. Nf3 Bg7 6. exf6 Nxf6 7. Bg2 Nc6 8. O-O O-O 9. d3 Bf5 10. h3 Qd6 11. Re1 Rae8 12. Nc3 d4 13. Ne4 Bxe4 14. dxe4 e5 15. f5 gxf5 16. exf5 e4 17. Bf4 Qd7 18. Nh4 Kh8 19. g4 Nd5 20. Bg5 e3 21. Qf3 Ndb4 22.
Re2 d3 23. cxd3 Nd4 24. Qf1 Nxd3 25. Rd1 Nxe2+ 26. Qxe2 c4 27. b3 b5 28. bxc4 bxc4 29. Kh1 Nf2+ 30. Qxf2 Qxd1+ 31. Qg1 e2 0-1

[Event "Early-Titled-Tuesday-Blitz-April-02-2024"]
[Site "Chess.com"]
[Date "2024.04.02"]
[Round "5"]
[White "colegiodemadrid"]
[Black "PavelShkapenko"]
[Result "0-1"]
[WhiteElo "2515"]
[BlackElo "2693"]
[TimeControl "180+1"]
[EndTime "8:55:08 PDT"]
[Termination "PavelShkapenko won by resignation"]

1. e4 e5 2. Nf3 Nc6 3. Bc4 d6 4. d4 Nf6 5. Ng5 d5 6. exd5 Nxd4 7. c3 Nf5 8. O-O h6 9. Nf3 e4 10. Nd4 Bc5 11. Nxf5 Bxf5 12. b4 Bb6 13. a4 a6 14.
a5 Ba7 15. Be3 O-O 16. Bxa7 Rxa7 17. Qd4 Ra8 18. Na3 Qd6 19. Nc2 Ng4 20. g3 Ne5 21. Be2 Bh3 22. Rfe1 f5 23. Ne3 f4 24. Nc4 Nxc4 25.
Qxc4 e3 26. Qc5 exf2+ 27. Qxf2 Qxd5 28. Bf3 Qg5 29. Bxb7 Rad8 30. Bxa6 Rd6 31. Bc4+ Kh8 32. Rad1 Rg6 33. Rd4 Rgf6 34. a6 c5 35. Rd5 Qg4 36.
a7 fxg3 37. Qxg3 Qxc4 38. Qxh3 Qxd5 39. Qg2 Qxg2+ 40. Kxg2 Ra6 41. Re7 cxb4 42. cxb4 Ra8 0-1

[Event "Early-Titled-Tuesday-Blitz-April-02-2024"]
[Site "Chess.com"]
[Date "2024.04.02"]
[Round "5"]
[White "Barbix1"]
[Black "Actuary44"]
[Result "0-1"]
[WhiteElo "2314"]
[BlackElo "2514"]
[TimeControl "180+1"]
[EndTime "8:55:08 PDT"]
[Termination "Actuary44 won on time"]

1. d4 Nf6 2. c4 g6 3. Nc3 Bg7 4. e4 d6 5. h3 O-O 6. Be3 Na6 7. Nf3 c5 8. Be2 cxd4 9. Nxd4 Nc5 10. Bf3 Bd7 11. b4 Ne6 12. Nde2 Rc8 13. Qb3 Qc7 14.
O-O Qxc4 15. Bxa7 Qxb3 16. axb3 Nh5 17. Rac1 Nhf4 18. Nd5 Nxd5 19. exd5 Nc7 20. Bb6 Nb5 21. Rfe1 Bh6 22. Ra1 Rc2 23. Be4 Rb2 24. Rab1 Rxb1 25.
Rxb1 Rc8 26. Bd3 Nc3 27. Nxc3 Rxc3 28. Bc4 Bg7 29. Kf1 Bf5 30. Rd1 Bc2 31. Rd2 Bxb3 32.
Bb5 Be5 0-1

[Event "Early-Titled-Tuesday-Blitz-April-02-2024"]
[Site "Chess.com"]
[Date "2024.04.02"]
[Round "5"]
[White "flawian2008"]
[Black "djokovic74"]
[Result "1-0"]
[WhiteElo "2503"]
[BlackElo "2746"]
[TimeControl "180+1"]
[EndTime "8:55:09 PDT"]
[Termination "flawian2008 won on time"]

1. e4 e6 2. d4 d5 3. e5 c5 4.
c3 Nc6 5. Nf3 Qb6 6. a3 Nh6 7. Bd3 cxd4 8. O-O Bd7 9. b4 a6 10.
Bb2 Nf5 11. Bxf5 exf5 12. cxd4 Be7 13. Nc3 Be6 14. Qd3 h6 15. Nd1 O-O 16. Ne3 g6 17. Rac1 Rac8 18. h3 f4 19. Ng4 Kg7 20. Qd2 g5 21. g3 Bxg4 22. hxg4 fxg3 23. fxg3 Na7 24. Ne1 Qe6 25. Qe2 Nb5 26. Nc2 Nd6 27. Ne3 Ne4 28.
Nf5+ Kh7 29. Kg2 Rfd8 30. Rh1 Bf8 31. Qe3 Rxc1 32. Rxc1 Rc8 33. Rxc8 Qxc8 34. Qb3 Qc4 35. Qxc4 dxc4 36. d5 c3 37. Bxc3 Nxc3 38. d6 1-0

[Event "Early-Titled-Tuesday-Blitz-April-02-2024"]
[Site "Chess.com"]
[Date "2024.04.02"]
[Round "5"]
[White "xasid81"]
[Black "Aisen1011"]
[Result "0-1"]
[WhiteElo "2628"]
[BlackElo "2482"]
[TimeControl "180+1"]
[EndTime "8:55:09 PDT"]
[Termination "Aisen1011 won by resignation"]

1. e4 d5 2. exd5 Qxd5 3. Nc3 Qe5+ 4. Be2 Bg4 5. d4 Bxe2 6. Ngxe2 Qa5 7. O-O Nf6 8. b4 Qxb4 9. Rb1 Qc4 10. Rxb7 e6 11. Bf4 Na6 12. Nb5 Nd5 13. Bg3 O-O-O 14. Qb1 Bb4 15.
Rxa7 Qxb5 16. c4 Qxc4 17. Nf4 Nc3 18. Qb2 g5 19. Rxa6 Qxa6 20. Qxb4 gxf4 21. Qxc3 fxg3 22. hxg3 Qb6 23. Rc1 Rxd4 24. a4 Rhd8 25. a5 Rd1+ 26. Kh2 Rxc1 27. Qxc1 Qxa5 28. Qh6 Qf5 0-1

[Event "Early-Titled-Tuesday-Blitz-April-02-2024"]
[Site "Chess.com"]
[Date "2024.04.02"]
[Round "5"]
[White "Boundless_Strike"]
[Black "rezamahdavi2008"]
[Result "0-1"]
[WhiteElo "2667"]
[BlackElo "2899"]
[TimeControl "180+1"]
[EndTime "8:55:11 PDT"]
[Termination "rezamahdavi2008 won by resignation"]

1. d4 Nf6 2. f3 d5 3. e4 dxe4 4. Nc3 exf3 5. Nxf3 e6 6. Bd3 c5 7.
Be3 cxd4 8. Nxd4 Be7 9. O-O Nbd7 10. Qe1 Ne5 11. Bb5+ Bd7 12. Bf4 Ng6 13. Bg3 Bc5 14. Rd1 a6 15. Bxd7+ Qxd7 16. Ne2 e5 17. Kh1 exd4 18.
Nxd4+ Qe7 19. Qa5 Bxd4 20. Rfe1 Be5 21. Bxe5 O-O 22. Bd6 Qd8 23. Qc3 Re8 24. Rxe8+ Qxe8 25. Re1 Qd7 26. Bg3 Re8 27. Rf1 Ne4 28. Qe1 Nxg3+ 29.
Qxg3 Qe6 30. Qf2 h6 31. h3 Re7 32. c3 Kh7 33. b3 b5 34. Qf3 Ne5 35. Qf2 Rc7 36. Qe3 Ng6 37. Qg3 Qe5 38. Qf3 Qxc3 39. Qf5 Qg3 40. Qe4 Re7 41. Qc2 Re1 42. Kg1 Qe3+ 43.
Qf2 Rxf1+ 44. Kxf1 Qxf2+ 45. Kxf2 Ne5 46. Ke3 Nc6 47.
Ke4 Kg6 48. Kd5 Nb4+ 49. Kc5 Nxa2 50. Kb6 Nc1 51. Kxa6 Nxb3 52. Kxb5 Kf5 53. Kc4 Nd2+ 54. Kd3 Ne4 55. Ke3 Nf6 56. g4+ Nxg4+ 57. hxg4+ Kxg4 0-1

[Event "Early-Titled-Tuesday-Blitz-April-02-2024"]
[Site "Chess.com"]
[Date "2024.04.02"]
[Round "5"]
[White "AlphaGoosee"]
[Black "Matibar"]
[Result "0-1"]
[WhiteElo "2523"]
[BlackElo "2728"]
[TimeControl "180+1"]
[EndTime "8:55:11 PDT"]
[Termination "Matibar won by resignation"]

1. e4 c5 2. Nf3 a6 3. c4 Nc6 4. d4 cxd4 5. Nxd4 Nf6 6. Nc3 e5 7. Nde2 Bc5 8. h3 O-O 9. g3 d6 10. Bg2 b5 11. cxb5 axb5 12. O-O b4 13. Nd5 Nxd5 14.
exd5 Ne7 15. Be3 Bxe3 16. fxe3 Qb6 17. Qd2 Nf5 18. Kf2 Ba6 19. Be4 Ne7 20. Kg2 f5 21. Bd3 Bb7 22. e4 Rf7 23. a3 Raf8 24. Qxb4 Qxb4 25.
axb4 fxe4 26. Rxf7 Kxf7 27. Rf1+ Kg8 28. Bxe4 Bxd5 29.
Nc3 Rxf1 30. Kxf1 Bc4+ 31. Kf2 d5 32. Bc2 Ba6 33. b5 Bb7 34. Na4 Nc8 35. Bf5 Nd6 36.
Bd7 Kf8 37. Nc5 Ke7 38. Bc6 Bxc6 39. bxc6 Nb5 40. Nd3 Kd6 41. b4 e4 42. Nf4 g6 43.
Nh5 gxh5 44. Ke3 0-1

[Event "Early-Titled-Tuesday-Blitz-April-02-2024"]
[Site "Chess.com"]
[Date "2024.04.02"]
[Round "5"]
[White "ansko1999"]
[Black "Quattroporte300"]
[Result "1/2-1/2"]
[WhiteElo "2637"]
[BlackElo "2509"]
[TimeControl "180+1"]
[EndTime "8:55:12 PDT"]
[Termination "Game drawn by repetition"]

1. c4 c5 2. Nf3 Nc6 3. Nc3 e5 4.
g3 g6 5. Bg2 Bg7 6. O-O Nge7 7.
Ne1 O-O 8. Nc2 f5 9. Ne3 d6 10. d3 Nd4 11. Ned5 Nxd5 12. Nxd5 Be6 13. Bd2 Qd7 14. e3 Nc6 15. a3 Rab8 16. Rb1 b5 17.
b4 bxc4 18. dxc4 e4 19. b5 Ne5 20. Qc2 Bxd5 21. cxd5 Rxb5 22. Bc3 Rfb8 23. Bxe5 Bxe5 24. f3 Rb2 25. Rxb2 Rxb2 26. Qc4 exf3 27. Bxf3 Qb5 28. Qh4 Qd7 29. e4 Kg7 30. exf5 Bd4+ 31. Kh1 Qxf5 32. Bg2 Bf6 33. Qa4 Qc2 34. Qd7+ Kh6 35. Qh3+ Kg7 36.
Qd7+ Kh6 37. Qh3+ Kg7 38. a4 Rb1 39. Qd7+ Kh6 40. Qh3+ Kg7 41. Qd7+ Kh6 42. Qh3+ Kg7 1/2-1/2